 Dungeon Crawl Stone Soup version 0.25.1-9-gc5326a611f (webtiles) character file.

Game seed: 12077462686659458551

43084 txstrosman the Sharpshooter (level 13, 0/103 HPs)
             Began as a Centaur Hunter on Nov 13, 2020.
             Was the Champion of Okawaru.
             Slain by a thrashing horror (5 damage)
             ... on level 3 of the Abyss on Dec 23, 2020.
             The game lasted 02:47:32 (24136 turns).

txstrosman the Sharpshooter (Centaur Hunter)       Turns: 24136, Time: 02:47:32

Health: 0/103      AC: 29    Str: 20    XL:     13   Next: 88%
Magic:  0/13       EV:  5    Int: 10    God:    Okawaru [******]
Gold:   1068       SH:  0    Dex: 10    Spells: 12/12 levels left

rFire    + . .     SeeInvis +   l - +2 arbalest (freeze)
rCold    + . .     Gourm    .   (shield currently unavailable)
rNeg     . . .     Faith    .   p - +4 chain mail {rC+}
rPois    .         Spirit   +   y - +1 hat {MR+}
rElec    .         Reflect  .   j - +0 cloak
rCorr    .         Harm     .   I - +1 pair of gloves
MR       +....     Rnd*Rage +   G - +2 centaur barding of the Saviour {rF+}
Stlth    ..........             o - amulet of guardian spirit
HPRegen  0.00/turn              k - ring of see invisible
MPRegen  0.13/turn              s - +4 ring of protection

@: non-regenerating, diseased, lightly drained, very quick
A: large, hooves 3, [berserk 1], [blurry vision 2], deformed body,
[deterioration 1], speed 2, tough skin 3, [subdued magic 3]
a: Heroism, Finesse, Renounce Religion


You were on level 3 of the Abyss.
You worshipped Okawaru.
Okawaru was exalted by your worship.
You were not hungry.

You visited 3 branches of the dungeon, and saw 17 of its levels.
You visited the Abyss 1 time.
You also visited: Sewer.

You collected 1068 gold pieces.

Inventory:

Hand Weapons
 a - a +2 hand crossbow
 b - a +2 hand axe of freezing
 l - a +2 arbalest of freezing (weapon)
 A - the cursed +3 flail "Duowk" {flame, MR+ Str-4 Int+5, unknown}
   (You found it on level 1 of the Abyss)

   It has been specially enchanted to burn those struck by it, causing extra
   injury to most foes and up to half again as much damage against particularly
   susceptible opponents.
   It affects your strength (-4).
   It affects your intelligence (+5).
   It affects your resistance to hostile enchantments.
   It has a curse placed upon it.
Missiles
 d - 63 bolts (quivered)
Armour
 g - a +1 centaur barding of cold resistance
 j - a +0 cloak (worn)
 p - a +4 chain mail of cold resistance (worn)
 y - a +1 hat of magic resistance (worn)
 G - the +2 centaur barding of the Saviour (worn) {rF+}
   (Okawaru gifted it to you on level 4 of the Lair of Beasts)

   It protects you from fire.
 I - a +1 pair of gloves (worn)
 M - a +0 kite shield
Jewellery
 k - a ring of see invisible (left hand)
 o - an amulet of guardian spirit (around neck)
 s - a +4 ring of protection (right hand)
Wands
 i - a wand of clouds (6)
 q - a wand of flame (34)
 r - a wand of enslavement (9)
 B - a wand of paralysis (6)
 D - a wand of iceblast (4)
 K - a wand of disintegration (16)
 N - a wand of acid (2)
Scrolls
 c - 4 scrolls of remove curse
 v - a scroll of fear
 L - a scroll of teleportation
Potions
 h - 2 potions of brilliance
 n - a potion of curing
 t - a potion of ambrosia
 u - 4 potions of lignification
 w - 5 potions of might
 z - 2 potions of magic
 C - 2 potions of berserk rage
 E - a potion of cancellation
 F - 6 potions of flight
 H - a potion of resistance
 J - 3 potions of mutation
 O - a potion of heal wounds {unknown}
 P - a potion of stabbing {unknown}
Miscellaneous
 e - a lightning rod (4/4)
 m - a box of beasts
 x - a lightning rod (4/4)
Comestibles
 f - 18 rations


   Skills:
 - Level 6.3(5.9) Fighting
 - Level 9.6(9.1) Axes
 * Level 18.5(18.0) Crossbows
 - Level 6.7(6.3) Armour
 - Level 5.2(4.8) Dodging
 + Level 1.0(0.7) Stealth
 - Level 1.4(1.0) Shields
 + Level 1.1(0.7) Evocations


You had 12 spell levels left.
You didn't know any spells.
Your spell library contained the following spells:

 Spells                   Type           Power        Failure   Level  Hunger
 Magic Dart               Conj           #...         94%         1    ##.....
 Blink                    Tloc           N/A          98%         2    ###....
 Call Imp                 Summ           #.......     98%         2    ###....
 Slow                     Hex            #.......     98%         2    ###....
 Confusing Touch          Hex            #.......     100%        3    ####...
 Conjure Flame            Conj/Fire      #.......     100%        3    ####...
 Gell's Gravitas          Tloc           #.........   100%        3    ####...
 Mephitic Cloud           Conj/Pois/Air  #.......     100%        3    ####...
 Petrify                  Tmut/Erth      #.......     100%        4    #####..
 Metabolic Englaciation   Hex/Ice        #.........   100%        5    ######.
 Yara's Violent Unravell  Hex/Tmut       #.........   100%        5    ######.


Dungeon Overview and Level Annotations

Branches:
Dungeon (10/15)            Temple (0/1) D:6            Lair (6/6) D:8
 Shoals (0/4) Lair:2        Snake (0/4) Lair:2        Slime (0/5) Lair:6
    Orc (1/2) D:10          Sewer (visited)

Altars:
Ashenzari
Dithmenos
Fedhas
Hepliaklqana
Makhleb
Okawaru
Sif Muna
Trog
Xom
Yredelemnul
Jiyva

Shops:
D:6 ![[   D:7 !   D:8 (


Innate Abilities, Weirdness & Mutations

You have hooves in place of feet.
Armour fits poorly on your strangely shaped body.
You cover ground very quickly.
You have extremely tough skin. (AC +3)
[You tend to lose your temper in combat.]
[Scrolls take you longer to read.]
[Your body sometimes deteriorates upon taking damage.]
[Your spells are much easier to cast, but much less powerful.]


Message History

Really attack while wielding your +2 arbalest of freezing? [Y]es or [N]o only, please.
Really attack while wielding your +2 arbalest of freezing?
Okay, then.
A neqoxec comes into view.
The neqoxec shouts!
The thrashing horror roars!
The thrashing horror closely misses you.
The thrashing horror tramples you but does no damage.
The ufetubus hits you but does no damage.
The ufetubus barely misses you.
The thrashing horror roars!
The thrashing horror tramples you but does no damage. x2
The starspawn tentacle barely misses you.
The smoke demon is engulfed in blazing flames.
The neqoxec gestures.
The thrashing horror roars!
The thrashing horror tramples you.
You hold your ground!
The thrashing horror tramples you but does no damage. x2
The thrashing horror tramples you.
You die...

.5.....
###.........#
#.#35.......#
##5........ .
#......∩.....
#..........
###.........≈
##..@.R○°3°...
#.wXxw.X.X≈.X.
##│W│5......○☼
##─X......#..
#......#....
#...........
#...........
#............
#............


You could see a tentacled starspawn, an ancient zyme, a thrashing horror, 2
large abominations, a freezing wraith, a smoke demon, an efreet, a neqoxec, 2
starspawn tentacles, 2 crimson imps and 2 ufetubi.

Vanquished Creatures
  A tentacled starspawn (Abyss:2)
  Gastronok (D:8)
  3 hydras
  Harold (D:8)
  Erica (D:8)
  3 death yaks (D:8)
  Nergalle (Lair:1)
  A wretched star (Abyss:2)
  An unseen horror (D:10)
  A merfolk siren (Lair:2)
  An ice statue (Lair:4)
  Maurice (D:8)
  2 centaur zombies (D:10)
  3 smoke demons
  10 elephants
  11 spiny frogs
  An elephant (shapeshifter) (Abyss:1)
  Maggie (Lair:1)
  A gargoyle (D:10)
  A black mamba (Lair:4)
  3 rime drakes
  A torpor snail (Lair:4)
  6 komodo dragons
  A freezing wraith (Lair:4)
  2 polar bears (Lair:4)
  An ancient zyme (Abyss:2)
  A raiju (Abyss:1)
  6 dream sheep
  6 hippogriffs
  Prince Ribbit (D:6)
  24 blink frogs
  Sigmund (D:6)
  24 yaks
  3 wyverns
  A chaos spawn (Abyss:2)
  2 hell hounds (Abyss:2)
  6 water moccasins
  2 black bears
  3 orc warriors
  6 porcupines
  A sky beast (D:10)
  A hornet zombie (D:10)
  8 ice beasts
  A necrophage (D:8)
  3 ogres
  7 centaurs
  4 small abominations
  7 crocodiles
  Blork the orc (D:4)
  A big kobold (D:9)
  17 bullfrogs
  3 scorpions
  6 killer bees (D:7)
  5 wights (D:10)
  3 howler monkeys
  6 crimson imps
  A bullfrog skeleton (D:10)
  5 hounds
  2 centaur skeletons
  2 bullfrog zombies
  4 jellies
  2 orc priests
  2 iguanas (D:6)
  10 orc wizards
  4 hell rats (Lair:2)
  9 worker ants
  A killer bee zombie (D:6)
  2 hound skeletons
  Robin (D:2)
  16 river rats (Lair:2)
  5 adders
  3 shadow imps
  5 white imps (Lair:4)
  2 ufetubi (Abyss:2)
  An adder skeleton (D:6)
  7 worms
  2 dart slugs
  7 leopard geckos
  32 orcs
  9 giant cockroaches
  17 goblins
  10 hobgoblins
  2 jackals (Sewer)
  8 quokkas
  A ball python (D:4)
  11 bats
  4 frilled lizards
  17 kobolds
  3 leopard gecko zombies
  A quokka skeleton (D:8)
  20 rats
448 creatures vanquished.

Vanquished Creatures (others)
  An ancient zyme (Abyss:3)
  A yak (D:8)
  5 fungi (Lair:2)
  2 plants
  10 starspawn tentacles
19 creatures vanquished.

Grand Total: 467 creatures vanquished

Notes
Turn   | Place    | Note
-------+----------+-------------------------------------------
     0 | D:1      | txstrosman the Centaur Hunter began the quest for the Orb.
     0 | D:1      | Reached XP level 1. HP: 17/17 MP: 1/1
   142 | D:1      | Reached XP level 2. HP: 8/24 MP: 2/2
   787 | D:1      | Reached skill level 5 in Crossbows
  1009 | D:2      | Reached XP level 3. HP: 22/29 MP: 3/3
  1383 | D:2      | Found a faded altar of an unknown god.
  1413 | D:2      | Reached skill level 1 in Armour
  1695 | D:2      | Noticed Robin
  1715 | D:2      | Killed Robin
  1715 | D:2      | Reached XP level 4. HP: 11/37 MP: 4/4
  2329 | D:3      | Reached skill level 1 in Axes
  2994 | D:3      | Found an iron altar of Okawaru.
  3002 | D:3      | Became a worshipper of Warmaster Okawaru
  3010 | D:3      | Reached XP level 5. HP: 22/42 MP: 5/5
  3583 | D:4      | Found a bloodstained altar of Trog.
  3650 | D:4      | Noticed Blork the orc
  3820 | D:4      | Killed Blork the orc
  3820 | D:4      | Reached XP level 6. HP: 39/50 MP: 3/6
  3956 | D:4      | Found a hazy altar of Hepliaklqana.
  4005 | D:4      | Reached * piety under Okawaru
  4057 | D:4      | Found a blossoming altar of Fedhas.
  4333 | D:5      | Entered Level 5 of the Dungeon
  4671 | D:5      | Found a shimmering altar of Xom.
  4680 | D:5      | Found a shimmering altar of Xom.
  4680 | D:5      | Found a shimmering altar of Xom.
  4682 | D:5      | Found a shimmering altar of Xom.
  4691 | D:5      | Found a shimmering altar of Xom.
  4691 | D:5      | Found a shimmering altar of Xom.
  4702 | D:5      | Found a shimmering altar of Xom.
  4712 | D:5      | Reached XP level 7. HP: 48/56 MP: 4/7
  5173 | D:5      | Found a shadowy altar of Dithmenos.
  5188 | D:5      | Reached skill level 6 in Crossbows
  5582 | D:6      | Found Cax Uhet's Distillery.
  5780 | D:6      | Reached ** piety under Okawaru
  5780 | D:6      | Reached skill level 5 in Axes
  5836 | D:6      | Noticed Sigmund
  5868 | D:6      | Reached XP level 8. HP: 54/63 MP: 8/8
  5908 | D:6      | Killed Sigmund
  6092 | D:6      | Found Usuasm's Antique Armour Emporium.
  6154 | D:6      | Found a staircase to the Ecumenical Temple.
  6237 | D:6      | Found a glowing drain.
  6259 | Sewer    | Entered a sewer
  6562 | D:6      | You fall into a shaft and drop 3 floors!
  6574 | D:9      | Noticed a hippogriff
  6876 | D:8      | Noticed Erica
  7124 | D:9      | Reached *** piety under Okawaru
  7374 | D:9      | Killed a hippogriff
  7374 | D:9      | Reached skill level 7 in Crossbows
  7374 | D:9      | Reached XP level 9. HP: 68/71 MP: 7/9
  7873 | D:6      | Noticed Prince Ribbit
  7882 | D:6      | Killed Prince Ribbit
  7925 | D:6      | Found Lishuwn's Armour Shoppe.
  8177 | D:6      | Found a shimmering blue altar of Sif Muna.
  8812 | D:7      | Found a basalt altar of Yredelemnul.
  8876 | D:7      | Found Jofizus's Distillery.
  9163 | D:7      | Received a gift from Okawaru
  9425 | D:8      | Found a staircase to the Lair.
  9425 | D:8      | Noticed a death yak
  9582 | D:8      | Killed a death yak
  9582 | D:8      | Reached **** piety under Okawaru
  9582 | D:8      | Reached skill level 8 in Crossbows
  9818 | D:8      | Noticed a death yak
  9818 | D:8      | Noticed a death yak
 10264 | D:8      | Killed a death yak
 10264 | D:8      | Reached XP level 10. HP: 63/80 MP: 10/10
 10674 | D:8      | Noticed Maurice
 10706 | D:8      | Killed Maurice
 10706 | D:8      | Reached skill level 9 in Crossbows
 10706 | D:8      | Reached skill level 5 in Armour
 10793 | D:8      | Reached skill level 5 in Fighting
 10946 | D:8      | Killed a death yak
 10946 | D:8      | Reached ***** piety under Okawaru
 10946 | D:8      | Reached skill level 1 in Stealth
 10946 | D:8      | Reached skill level 1 in Evocations
 11064 | D:8      | Killed Erica
 11064 | D:8      | Received a gift from Okawaru
 11243 | D:8      | Noticed Gastronok
 11622 | D:8      | Killed Gastronok
 11622 | D:8      | Reached skill level 10 in Crossbows
 11622 | D:8      | Reached XP level 11. HP: 37/88 MP: 4/11
 12076 | D:8      | Received a gift from Okawaru
 12230 | D:8      | Found Canwoenn's Antique Weapon Boutique.
 12477 | Lair:1   | Entered Level 1 of the Lair of Beasts
 12867 | Lair:1   | Noticed Harold
 12968 | D:8      | Killed Harold
 12968 | D:8      | Reached skill level 11 in Crossbows
 13227 | Lair:1   | Noticed Nergalle
 13295 | Lair:1   | Killed Nergalle
 13401 | Lair:1   | Noticed Maggie
 13409 | Lair:1   | Killed Maggie
 14221 | Lair:2   | Found a staircase to the Snake Pit.
 14225 | Lair:2   | Received a gift from Okawaru
 14334 | Lair:2   | Reached skill level 12 in Crossbows
 14334 | Lair:2   | Reached skill level 5 in Dodging
 14370 | Lair:2   | Received a gift from Okawaru
 14697 | Lair:2   | Reached skill level 1 in Shields
 15320 | Lair:2   | Reached XP level 12. HP: 88/96 MP: 9/12
 15373 | Lair:2   | Found a staircase to the Shoals.
 15780 | Lair:2   | Upgraded the game from 0.25.1-2-g60ff931df9 to
                  | 0.25.1-8-g42b30a86e7
 16094 | Lair:2   | You fall into a shaft and drop 1 floor!
 16935 | Lair:3   | Reached skill level 13 in Crossbows
 17024 | Lair:3   | Noticed a four-headed hydra
 17053 | Lair:3   | Killed a four-headed hydra
 17248 | Lair:3   | Got a pitted spear
 17291 | Lair:3   | Found a shattered altar of Ashenzari.
 17505 | Lair:3   | Identified the cursed +0 spear "Bept" {protect, rPois rF+}
                  | (You found it on level 3 of the Lair of Beasts)
 17577 | Lair:4   | Reached skill level 14 in Crossbows
 18178 | Lair:4   | Reached ****** piety under Okawaru
 18301 | Lair:4   | Received a gift from Okawaru
 18312 | Lair:4   | Reached skill level 15 in Crossbows
 18540 | Lair:4   | Received a gift from Okawaru
 18623 | Lair:4   | Got an ancient centaur barding {god gift}
 18634 | Lair:4   | Identified the +2 centaur barding of the Saviour {rF+}
                  | (Okawaru gifted it to you on level 4 of the Lair of Beasts)
 19126 | Lair:4   | Reached XP level 13. HP: 83/103 MP: 13/13
 19781 | Lair:5   | Reached skill level 16 in Crossbows
 19932 | Lair:5   | You fall into a shaft and drop 1 floor!
 19932 | Lair:6   | Entered Level 6 of the Lair of Beasts
 19948 | Lair:6   | Found a staircase to the Slime Pits.
 19948 | Lair:6   | Found a viscous altar of Jiyva.
 20665 | Lair:5   | Reached skill level 17 in Crossbows
 20691 | Lair:5   | Upgraded the game from 0.25.1-8-g42b30a86e7 to
                  | 0.25.1-9-gc5326a611f
 20701 | Lair:5   | Received a gift from Okawaru
 20721 | Lair:5   | Got a smouldering executioner's axe {god gift}
 20722 | Lair:5   | Identified the +2 executioner's axe "Hoes" {elec, rC- rN+
                  | Int+6} (Okawaru gifted it to you on level 5 of the Lair of
                  | Beasts)
 21467 | D:10     | Entered Level 10 of the Dungeon
 21489 | D:10     | Found a burning altar of Makhleb.
 21674 | D:10     | Found a staircase to the Orcish Mines.
 23099 | Orc:1    | Entered Level 1 of the Orcish Mines
 23132 | D:10     | Cast into level 1 of the Abyss (orc)
 23204 | Abyss:1  | Reached skill level 18 in Crossbows
 23223 | Abyss:1  | Noticed an ironheart preserver
 23252 | Abyss:1  | Found a shattered altar of Ashenzari.
 23266 | Abyss:1  | Found a corrupted altar of Lugonu.
 23381 | Abyss:1  | Noticed a tentacled starspawn
 23548 | Abyss:1  | Noticed a green death
 23569 | Abyss:1  | Got a crystal flail
 23581 | Abyss:1  | Noticed a black draconian knight
 23587 | Abyss:1  | Found a hazy altar of Hepliaklqana.
 23653 | Abyss:2  | Noticed a tentacled starspawn
 23700 | Abyss:2  | Killed a tentacled starspawn
 23803 | Abyss:2  | Received a gift from Okawaru
 23991 | Abyss:2  | Noticed an ophan
 23991 | Abyss:2  | Noticed a green death
 24012 | Abyss:3  | Found a shattered altar of Ashenzari.
 24092 | Abyss:3  | Noticed a starcursed mass
 24130 | Abyss:3  | Noticed a tentacled starspawn
 24132 | Abyss:3  | HP: 5/103 [thrashing horror (4)]
 24136 | Abyss:3  | Slain by a thrashing horror

Illustrated notes

Levels and vault maps discovered:
D:1:      dpeg_arrival_renting, layout_rooms, minmay_pentomino_o4
D:2:      minmay_alternating_diamond, layout_basic,
          chequers_ecumenical_altar_simple_redux, uniq_robin
D:3:      layout_basic, okawaru_metal_pillars_3
D:4:      layout_basic, kennysheep_mini_moat, kennysheep_mini,
          lemuel_doored_altar, uniq_blork_the_orc
D:5:      layout_gridville, xom_redecorated, first_ration, grunt_dithmenos_smoke
D:6:      layout_layer_cave, tgw_sif, minmay_temple_entry_glassed_door,
          cheibrodos_sewer_entry_bend, serial_shops, shop,
          nicolae_shop_behind_doors, shop, hangedman_decor_slide_cut,
          nicolae_lava_and_water, st_stairs_13, uniq_prince_ribbit1,
          uniq_sigmund
D:7:      layout_basic, lemuel_crystal_altar, serial_shops,
          nicolae_shop_waterfront
D:8:      layout_basic, dpeg_lair_monsters, serial_shops, shop, uniq_erica,
          uniq_maurice, uniq_gastronok
D:9:      layout_gridville
D:10:     layout_gridville, orc_0_dummy, basic_altar, grunt_ogre_cave
Lair:1:   layout_regular_city, lemuel_fruit_tree, grunt_megastairs_1,
          uniq_nergalle, uniq_harold, uniq_maggie
Lair:2:   lemuel_ratsnest, layout_regular_city, elwin_shoals_entry_rooms
Lair:3:   layout_long_grid, lemuel_centaur_altar
Lair:4:   layout_gridlike, ice2_lemuel, lemuel_fruit_fields
Lair:5:   layout_misc_corridors
Lair:6:   grunt_lair_end_beastmaster, layout_cellular_growth, slime_altar_1,
          kennysheep_basilisk_garden
Orc:1:    layout_diamond_mine, basic_altar, serial_shops, shop_statue,
          uniq_snorg
Abyss:3:  base: Lair:4, evilmike_abyss_rune_siren_acolytes, due_exit_kobolds,
          evilmike_abyss_exit_4, hangedman_abyss_or_decor_slice,
          evilmike_nicolae_abyss_rune_containment_curve,
          evilmike_nicolae_abyss_rune_containment_curve, lemuel_flamethrower_2

Skill      XL: |  1  2  3  4  5  6  7  8  9 10 11 12 13 |
---------------+----------------------------------------+-----
Crossbows      | 5 6 7 8 10 12 15 18 | 18.5
Armour         | 1 2 3 4 5 6 |  6.7
Axes           | 1 3 5 6 8 9 |  9.6
Dodging        | 2 3 4 5 |  5.2
Fighting       | 3 4 5 6 |  6.3
Stealth        | 1 |  1.0
Evocations     | 1 |  1.1
Shields        | 1 |  1.4

Action                   |  1- 3 |  4- 6 |  7- 9 | 10-12 | 13-15 || total
-------------------------+-------+-------+-------+-------+-------++-------
Melee: Short sword       |    34 |       |       |       |       ||    34
       Kick              |    24 |    19 |    59 |    33 |       ||   135
       Hand axe          |   107 |   104 |   337 |   107 |       ||   655
       Arbalest          |       |       |       |       |     1 ||     1
 Fire: Hand crossbow     |       |    22 |   110 |    97 |       ||   229
       Arbalest          |       |       |       |   486 |   350 ||   836
Evoke: Wand              |       |       |     5 |       |       ||     5
       Lightning rod     |       |       |     4 |       |       ||     4
  Use: Scroll            |       |    13 |    11 |     8 |     6 ||    38
       Potion            |       |       |     3 |     2 |     5 ||    10
  Eat: Chunk             |     2 |     4 |     3 |     3 |       ||    12
       Ration            |       |     1 |     4 |     6 |     3 ||    14
Armor: Leather armour    |    65 |    42 |       |       |       ||   107
       Chain mail        |       |       |   255 |   235 |   169 ||   659
       Skin              |       |       |    19 |       |       ||    19
Dodge: Dodged            |    80 |    37 |   101 |    75 |    44 ||   337
Block: Buckler           |       |       |       |     3 |       ||     3
